 Dungeon Crawl Stone Soup version 0.28.0-45-g0d030f2227 (webtiles) character file.

Game seed: 13849882576706299645

18 theswoord the Skirmisher (level 2, 0/24 HPs)
             Began as a Demonspawn Fighter on Apr 9, 2022.
             Slain by a hobgoblin (4 damage)
             ... on level 2 of the Dungeon.
             The game lasted 00:03:59 (987 turns).

theswoord the Skirmisher (Demonspawn Fighter)        Turns: 987, Time: 00:03:59

Health: 0/24       AC:  8    Str: 16    XL:     2   Next: 51%
Magic:  2/2        EV:  5    Int:  9    God:
Gold:   59         SH:  4    Dex: 12    Spells: 1/1 levels left

rFire   + . .      SeeInvis .   h - +0 whip
rCold   . . .      Faith    .   c - +0 buckler
rNeg    . . .      Spirit   .   b - +0 scale mail
rPois   .          Reflect  .   (no helmet)
rElec   .          Harm     .   (no cloak)
rCorr   .          Rampage  .   (no gloves)
Will    .....                   (no boots)
Stlth   ..........              (no amulet)
HPRegen 0.08/turn               f - ring of protection from fire
MPRegen 0.08/turn               (no ring)

@: constricted
A: molten scales 1
a: no special abilities


You were on level 2 of the Dungeon.
You visited 1 branch of the dungeon, and saw 2 of its levels.

You collected 59 gold pieces.

Inventory:

Hand Weapons
 a - a +0 flail
 h - a +0 whip (weapon)
Armour
 b - a +0 scale mail (worn)
 c - a +0 buckler (worn)
Jewellery
 f - a ring of protection from fire (left hand)
Scrolls
 e - 2 scrolls of identify {unknown}
 g - a scroll of noise {unknown}
 j - 2 scrolls of teleportation {unknown}
Potions
 d - a potion of might
 i - 2 potions of curing {unknown}


   Skills:
 - Level 3.0 Fighting
 + Level 2.9 Maces & Flails
 - Level 2.6 Armour
 - Level 2.6 Shields


You had one spell level left.
You didn't know any spells.
Your spell library was empty.

Dungeon Overview and Level Annotations

Branches:
Dungeon (2/15)

Altars:


Innate Abilities, Weirdness & Mutations

You are partially covered in molten scales. (AC +2)


Message History

You block the ball python's attack. The ball python constricts you.
You block the hobgoblin's attack.
The hobgoblin hits you but does no damage.
The ball python bites you.
* * * LOW HITPOINT WARNING * * *
The ball python constricts you. The bat completely misses you.
You block the hobgoblin's attack. The hobgoblin barely misses you.
You block the ball python's attack. The ball python constricts you.
The bat hits you but does no damage. x2; You block the hobgoblin's attack.
You block the ball python's attack. The ball python constricts you.
The hobgoblin hits you but does no damage.
The bat hits you but does no damage. You block the hobgoblin's attack.
The bat hits you.
* * * LOW HITPOINT WARNING * * *
You block the ball python's attack. The ball python constricts you.
You block the hobgoblin's attack. The bat hits you but does no damage.
The hobgoblin closely misses you.
The ball python bites you but does no damage.
The ball python constricts you.
The hobgoblin hits you but does no damage.
The bat hits you but does no damage. The bat hits you but does no damage.
You block the ball python's attack. The ball python constricts you.
The bat hits you.
* * * LOW HITPOINT WARNING * * *
You block the hobgoblin's attack. The hobgoblin barely misses you.
The ball python bites you but does no damage.
The ball python constricts you. You block the bat's attack.
The hobgoblin hits you but does no damage. x2
The ball python barely misses you. The ball python constricts you.
The bat barely misses you.
The hobgoblin hits you but does no damage.
You block the ball python's attack. The ball python constricts you.
The hobgoblin hits you but does no damage.
You block the bat's attack. The bat hits you but does no damage.
The hobgoblin barely misses you. The ball python bites you.
* * * LOW HITPOINT WARNING * * *
The ball python constricts you. The hobgoblin hits you.
You die...

...... ####### ..(...#
#.....# .......
#.....###### .......
#.....##...#
.......#####.....##...##
...........#...........#
...$....S...............
##.@gb.######.......
##gb..............#
#....######.......
#....# ##...... #....#
####... ...... +...
##.....$ ###... #.......
......... #########


You could see 2 hobgoblins, 2 bats and a ball python.

Vanquished Creatures
  3 ball pythons
  A giant cockroach (D:1)
  5 goblins (D:1)
  3 quokkas (D:1)
  A frilled lizard (D:1)
  A kobold (D:1)
  3 rats (D:1)
17 creatures vanquished.

Vanquished Creatures (others)
  7 fungi (D:2)
  6 plants (D:2)
13 creatures vanquished.

Grand Total: 30 creatures vanquished

Notes
Turn   | Place    | Note
-------+----------+-------------------------------------------
     0 | D:1      | theswoord the Demonspawn Fighter began the quest for the
                  | Orb.
     0 | D:1      | Reached XP level 1. HP: 18/18 MP: 1/1
   259 | D:1      | Gained mutation: You are partially covered in molten
                  | scales. (AC +2) [demonic ancestry]
   259 | D:1      | Reached XP level 2. HP: 10/24 MP: 2/2
   273 | D:1      | HP: 1/24 [rat (3)]
   987 | D:2      | Slain by a hobgoblin

Skill      XL: |  1 |
---------------+----+-----
Maces & Flails | 2 |  2.9
Fighting       | |  3.0
Armour         | |  2.6
Shields        | |  2.6

Action                   || total
-------------------------++-------
Melee: Flail             ||    42
       Whip              ||     5
Armor: Scale mail        ||    89
Dodge: Dodged            ||    71
Block: Buckler           ||    50

Levels and vault maps discovered:
D:1:      scummos_arrival_forest, layout_rooms
D:2:      layout_basic, shapermc_ecumenical_altar_mp_urbaneastern,
          chequers_mini_garden
